 Dungeon Crawl Stone Soup version 0.31-a0-202-g547052bce9 (webtiles) character file.

Game seed: 5994325397633344218

62 qw the Shooter (level 3, 0/20 HPs)
             Began as a Deep Elf Hunter on June 26, 2023.
             Slain by a goblin
             ... wielding a +0 dagger
              (1 damage)
             ... on level 2 of the Dungeon.
             The game lasted 00:00:30 (1159 turns).

qw the Shooter (Deep Elf Hunter)                    Turns: 1159, Time: 00:00:31

Health: 0/20       AC:  6    Str: 10    XL:     3   Next: 85%
Magic:  5/5        EV: 11    Int: 13    God:
Gold:   107        SH:  0    Dex: 18    Spells: 2/2 levels left

rFire   . . .        c - +2 arbalest (freeze)
rCold   . . .        (shield currently unavailable)
rNeg    . . .        h - +0 ring mail
rPois   .            (no helmet)
rElec   .            f - +0 cloak
rCorr   .            (no gloves)
SInv    .            (no boots)
Will    .....        (no amulet)
Stlth   +            (no ring)
HPRegen 0.23/turn    (no ring)
MPRegen 0.09/turn

%: no passive effects
@: no status effects
A: no striking features
a: no special abilities


You were on level 2 of the Dungeon.
You visited 1 branch of the dungeon, and saw 2 of its levels.

You collected 107 gold pieces.


   Skills:
 - Level 1.5 Fighting
 + Level 7.3 Ranged Weapons
 - Level 2.4 Dodging
 - Level 1.2 Stealth


You had 2 spell levels left.
You didn't know any spells.
Your spell library was empty.

Inventory:

Hand Weapons
 c - a +2 arbalest of freezing (weapon)
Armour
 f - a +0 cloak (worn)
 h - a +0 ring mail (worn)
Jewellery
 k - a ring of positive energy
Scrolls
 a - 3 scrolls of identify
 b - a scroll of enchant weapon {unknown}
 j - a scroll of vulnerability {unknown}
Potions
 d - a potion of berserk rage {unknown}
 e - a potion of cancellation
 g - a potion of lignification {unknown}
 i - 2 potions of curing {unknown}

Dungeon Overview and Level Annotations

Branches:
Dungeon (2/15)

Altars:
Hepliaklqana


Message History

The goblin hits you but does no damage.
You shoot a bolt. The bolt hits the goblin!
The bolt freezes the goblin.
You kill the goblin!
You shoot a bolt. The bolt hits the goblin!!
The bolt freezes the goblin.
You kill the goblin!
The goblin unwields a +0 dagger.
The goblin wields a +0 sling.
The goblin shoots a sling bullet.
The sling bullet barely misses you.
You shoot a bolt. The bolt closely misses the hobgoblin.
The hobgoblin hits you but does no damage.
The goblin shoots a sling bullet.
The sling bullet hits you.
The goblin unwields a +0 dagger.
The goblin wields a +0 sling.
The goblin shoots a sling bullet.
The sling bullet closely misses you. The hobgoblin barely misses you.
The goblin hits you with a +0 dagger.
You shoot a bolt. The bolt hits the hobgoblin!
The bolt freezes the hobgoblin.
You kill the hobgoblin!
The goblin hits you but does no damage.
You shoot a bolt. The bolt barely misses the hobgoblin.
The goblin hits you but does no damage. The hobgoblin hits you.
The goblin unwields a +0 sling.
The goblin wields a +0 dagger.
The goblin hits you with a +0 dagger. The goblin hits you but does no damage.
The hobgoblin misses you. The goblin hits you but does no damage.
You shoot a bolt. The bolt closely misses the hobgoblin.
The goblin barely misses you. The hobgoblin misses you.
The goblin hits you with a +0 dagger. The goblin hits you but does no damage.
The hobgoblin hits you but does no damage.
You shoot a bolt. The bolt barely misses the hobgoblin.
The goblin hits you with a +0 dagger. x2; The hobgoblin hits you.
The goblin hits you with a +0 dagger.
You shoot a bolt. The bolt hits the hobgoblin!
The bolt freezes the hobgoblin.
You kill the hobgoblin!
The goblin hits you but does no damage. The goblin closely misses you. x2
You shoot a bolt. The bolt hits the goblin.
The bolt freezes the goblin.
The goblin is severely wounded.
The goblin hits you with a +0 dagger.
The goblin shoots a sling bullet.
The sling bullet hits you. The goblin closely misses you.
The goblin hits you but does no damage.
The goblin shoots a sling bullet.
The sling bullet barely misses you. The goblin hits you with a +0 dagger.
You shoot a bolt. The bolt barely misses the goblin.
The goblin hits you with a +0 dagger.
You die...

............#..###..#
#........
######......#.## ##.###
##....... ######...#
#...## #.......
#..####+####..# #.......
#.##.#...# ##.# #.......
#.# '.).+ #.# #.......
#.## .g. ##.###.......
#..####)####............
##...#g@g#...#..........
###.##.##.###..........
#..#'#..# #..........
##.....## #..........
###.### ####'######
#.#########.# #
#........%..#
#.###########
#.#########


You could see 3 goblins.

Vanquished Creatures
  2 worms (D:2)
  6 endoplasms
  A giant cockroach (D:1)
  10 goblins
  4 hobgoblins
  5 kobolds
  3 quokkas
  8 ball pythons
  4 bats
  4 frilled lizards
  3 rats
50 creatures vanquished.

Notes
Turn   | Place    | Note
-------+----------+-------------------------------------------
     0 | D:1      | qw the Deep Elf Hunter began the quest for the Orb.
     0 | D:1      | Reached XP level 1. HP: 12/12 MP: 3/3
     0 | D:1      | 0 ||| qw: Version: 0.3-a-22-g0ed2b0b
     0 | D:1      | 0 ||| qw: Game counter: 6222
     0 | D:1      | 0 ||| qw: Melee chars always use a shield: true
     0 | D:1      | 0 ||| qw: God list: Okawaru
     0 | D:1      | 0 ||| qw: Allow faded altars: false
     0 | D:1      | 0 ||| qw: Do Orc after clearing Dungeon:15 true
     0 | D:1      | 0 ||| qw: Do second Lair branch before Depths: true
     0 | D:1      | 0 ||| qw: Lair rune preference: random
     0 | D:1      | 0 ||| qw: Goals: Normal
     0 | D:1      | 0 ||| PLANNING D:1-11
   225 | D:1      | 225 ||| FLEEEEING.
   229 | D:1      | Reached XP level 2. HP: 13/16 MP: 4/4
   229 | D:1      | 229 ||| FLEEEEING.
   230 | D:1      | 230 ||| FLEEEEING.
   231 | D:1      | 231 ||| FLEEEEING.
   232 | D:1      | 232 ||| FLEEEEING.
   234 | D:1      | 234 ||| FLEEEEING.
   235 | D:1      | 235 ||| FLEEEEING.
   237 | D:1      | Reached skill level 6 in Ranged Weapons
   366 | D:1      | Found Zucig's Book Shoppe.
   616 | D:1      | 616 ||| UPGRADING to +0 cloak.
   621 | D:1      | 621 ||| UPGRADING to +0 ring mail.
   631 | D:1      | 631 ||| DROPPING +0 leather armour.
   632 | D:1      | 632 ||| READING 2 scrolls labelled SIPROL ZAEGI.
   633 | D:1      | 633 ||| READING scroll labelled ZOSKAD TUDUPT.
   633 | D:1      | Identified a scroll of acquirement
   633 | D:1      | 633 ||| ACQUIRING +2 arbalest of freezing
   633 | D:1      | Acquired a +2 arbalest of freezing
   635 | D:1      | 635 ||| SWAPPING to +2 arbalest of freezing.
   636 | D:1      | 636 ||| DROPPING +0 shortbow.
   637 | D:1      | 637 ||| DRINKING 2 murky amethyst potions.
   638 | D:1      | 638 ||| DROPPING scroll of butterflies.
   746 | D:2      | Reached XP level 3. HP: 20/20 MP: 5/5
   878 | D:2      | Reached skill level 7 in Ranged Weapons
   896 | D:2      | Found a hazy altar of Hepliaklqana.
  1156 | D:2      | HP: 5/20 [hobgoblin (2)]
  1158 | D:2      | HP: 1/20 [goblin/+0 dagger (2)]
  1159 | D:2      | Slain by a goblin

Levels and vault maps discovered:
D:1:      mushboom_english_gardens, layout_basic, serial_shops, shop,
          nicolae_kite_square_tiling_tiny
D:2:      cheibrodos_greedy_goblins, layout_basic, basic_altar

Skill      XL: |  1  2  3 |
---------------+----------+-----
Ranged Weapons | 6 7 |  7.3
Fighting       | |  1.5
Dodging        | |  2.4
Stealth        | |  1.2

Action                     || total
---------------------------++-------
   Fire: Shortbow          ||    49
         Arbalest          ||    53
    Use: Scroll            ||     2
         Potion            ||     1
 Armour: Leather armour    ||     4
         Ring mail         ||    14
  Dodge: Dodged            ||    34

Table legend:
 A = Non-vault XP
 B = Vault XP
 C = Vault XP percentage of total XP
 D = Non-vault monster count
 E = Vault monster count
 F = Vault count percentage of total count
                 A         B        C        D         E       F
            +---------+---------+-------+---------+---------+-------
      Total |      76 |      13 |  14.6 |      43 |       7 |  14.0
            +---------+---------+-------+---------+---------+-------
        D:1 |      32 |       0 |   0.0 |      20 |       0 |   0.0
        D:2 |      44 |      13 |  22.8 |      23 |       7 |  23.3
            +---------+---------+-------+---------+---------+-------
